 Dungeon Crawl Stone Soup version 0.28.0 (webtiles) character file.

Game seed: 7521384288516563348

1731 AmazingTV the Skirmisher (level 8, -3/73 HPs)
             Began as a Minotaur Fighter on July 14, 2022.
             Was a Believer of Okawaru.
             Killed from afar by an acid dragon (18 damage)
             ... with a splash of acid
             ... on level 7 of the Dungeon.
             The game lasted 00:14:22 (6080 turns).

AmazingTV the Skirmisher (Minotaur Fighter)         Turns: 6080, Time: 00:14:22

Health: -3/73      AC: 10    Str: 24    XL:     8   Next: 76%
Magic:  5/7        EV: 11    Int:  5    God:    Okawaru [**....]
Gold:   241        SH:  6    Dex:  9    Spells: 7/7 levels left

rFire   . . .      SeeInvis .   b - +1 mace (protect) {mace}
rCold   . . .      Faith    .   c - +0 buckler
rNeg    + . .      Spirit   .   v - +0 scale mail
rPois   .          Reflect  .   (helmet restricted)
rElec   .          Harm     .   u - +0 cloak {Stlth+}
rCorr   .          Rampage  .   (no gloves)
Will    .....                   (no boots)
Stlth   ++........              (no amulet)
HPRegen 0.22/turn               h - ring of positive energy
MPRegen 0.10/turn               (no ring)

@: heroic
A: horns 2, retaliatory headbutt
a: Renounce Religion, Heroism


You were on level 7 of the Dungeon.
You worshipped Okawaru.
Okawaru was pleased with you.
You visited 2 branches of the dungeon, and saw 8 of its levels.

You collected 241 gold pieces.


Innate Abilities, Weirdness & Mutations

You have a pair of horns on your head.
You reflexively headbutt those who attack you in melee.


   Skills:
 + Level 7.0(12.0) Fighting
 + Level 6.4(11.4) Axes
 + Level 0.5(9.0) Maces & Flails
 + Level 0.5(8.2) Slings
 + Level 4.7(9.8) Throwing
 + Level 6.9(11.9) Armour
 - Level 0.8(5.8) Stealth
 + Level 6.9(11.9) Shields
 + Level 0.3 Invocations


You had 7 spell levels left.
You didn't know any spells.
Your spell library was empty.

Inventory:

Hand Weapons
 a - a +0 war axe {axe}
 b - a +1 mace of protection (weapon) {mace}
   (You found it on level 2 of the Dungeon)
 j - a +0 hunting sling {sling}
   (You took it off a goblin on level 2 of the Dungeon)
Missiles
 f - 83 sling bullets
 g - 101 stones
 k - 5 silver javelins
 l - 110 arrows
 m - 78 bolts
 t - a boomerang (quivered)
 F - 3 boomerangs of dispersal {=f!f}
Armour
 c - a +0 buckler (worn)
 u - a +0 cloak of stealth (worn)
   (You took it off Crazy Yiuf on level 2 of the Dungeon)
 v - a +0 scale mail (worn)
 E - a +0 pair of boots
   (You found it on level 5 of the Dungeon)
Jewellery
 h - a ring of positive energy (left hand)
   (You found it on level 1 of the Dungeon)
Wands
 p - a wand of flame (37)
   (You found it on level 2 of the Dungeon)
 G - a wand of digging (3)
   (You found it on level 7 of the Dungeon)
Scrolls
 d - a scroll of enchant armour {unknown}
 n - a scroll of holy word {unknown}
 q - 2 scrolls of identify {unknown}
 r - 2 scrolls of fear {unknown}
 w - 2 scrolls of fog {unknown}
 y - a scroll of enchant weapon {unknown}
 B - a scroll of summoning {unknown}
 D - a scroll of acquirement {unknown}
Potions
 e - a potion of degeneration {unknown}
 i - 4 potions of haste {unknown}
 o - a potion of attraction {unknown}
 s - a potion of resistance
 x - a potion of mutation {unknown}
 z - a potion of brilliance {unknown}
 A - 3 potions of curing {unknown}
 C - 2 potions of lignification {unknown}

Dungeon Overview and Level Annotations

Branches:
Dungeon (7/15)             Temple (1/1) D:5

Altars:
Ashenzari
Cheibriados
Elyvilon
Fedhas
Gozag
Hepliaklqana
Kikubaaqudgha
Makhleb
Nemelex Xobeh
Okawaru
Qazlal
Ru
Sif Muna
Trog
Uskayaw
Vehumet
Wu Jian
Xom
Yredelemnul
Zin
The Shining One

### # .... # ...## #
#...# #
#....#######.# #
#.....@D...... #
...##..######.# #
##.## ## ####..# .#
#...#.#
.###########...#..#
...........#...##.##
......###......##..#
.####............#.#


You could see an acid dragon (catching breath).


Message History

You completely miss the iguana. Your headbutt misses the iguana.
The iguana bites you but does no damage.
You hit the iguana. The iguana barely misses you. You furiously retaliate!
You headbutt the iguana! 😕 HP[+1]
You sock the iguana!
You kill the iguana!
Okawaru accepts your kill.
f - 83 sling bullets (gained 10)
A scorpion comes into view. 😎 HP[+3]
Your hp is fully restored (71).
You throw a boomerang. The boomerang hits the scorpion!
You hit the scorpion.
Your weapon exudes an aura of protection.
You headbutt the scorpion!
You kill the scorpion!
Okawaru accepts your kill.
Your Fighting skill increases to level 7! 😎 HP[+2]
You now have 73 max hp (+2).
Your hp is fully restored (73).
Found a stone staircase leading down.
g - 101 stones (gained 13)
There is a stone staircase leading down here.
You now have 218 gold pieces (gained 15).
You see here a +0 falchion {long}.
Things that are here:
a +0 club {mace}; a +0 club {mace}
Things that are here:
a +2 spear of flaming {polearm}; a +0 ring mail
Found a glowing golden altar of the Shining One.
You open the door.
There is an open door here.
There is an open door here.
Done exploring.
(D) Dungeon (T) Temple
Where to? (Enter - D:6, ? - help)
What level of the Dungeon? (default 1, ? - help)
There is a stone staircase leading down here.
You climb downwards.
Found a stone staircase leading up.
There is a stone staircase leading up here.
You open the door.
There is an open door here.
You see here a +0 chain mail.
G - a wand of digging (3)
You now have 230 gold pieces (gained 12).
You now have 241 gold pieces (gained 11).
An acid dragon comes into view.
The acid dragon spits acid at you. The splash of acid hits you! 😕 HP[-15]
You take 15 damage, and now have 58/73 hp.
MASSIVE DAMAGE!! (PAUSE)
You barely miss the acid dragon. The acid dragon bites you!
The acid dragon claws you. 😮 HP[-13]
You take 13 damage, and now have 45/73 hp.
You are too injured to fight recklessly!
You closely miss the acid dragon. Your headbutt misses the acid dragon.
The acid dragon bites you.
The acid dragon claws you but does no damage. 😮 HP[-3]
You take 3 damage, and now have 42/73 hp.
You hit the acid dragon.
Your weapon exudes an aura of protection.
You block the acid dragon's attack.
The acid dragon closely misses you. 😮 HP[+1]
You hit the acid dragon but do no damage.
You headbutt the acid dragon! The acid dragon bites you!
* * * LOW HITPOINT WARNING * * *
The acid dragon barely misses you. 😨 HP[-9]
You take 9 damage, and now have 34/73 hp.
You gain the combat prowess of a mighty hero.
The acid dragon spits acid at you. You block the splash of acid. 😨 MP[-2]
You lost 2 mp, and now have 5/7 mp.
You hit the acid dragon. The acid dragon bites you!
* * * LOW HITPOINT WARNING * * *
The acid dragon claws you but does no damage. 😨 HP[-11]
You take 11 damage, and now have 23/73 hp.
You closely miss the acid dragon. The acid dragon misses you.
The acid dragon claws you but does no damage.
You barely miss the acid dragon. The acid dragon bites you!
* * * LOW HITPOINT WARNING * * *
The acid dragon barely misses you. 😱 HP[-8]
You take 8 damage, and now have 15/73 hp.
You barely miss the acid dragon. You headbutt the acid dragon!
The acid dragon bites you but does no damage.
The acid dragon claws you but does no damage.
You barely miss the acid dragon. The acid dragon closely misses you.
The acid dragon claws you but does no damage.
You barely miss the acid dragon. The acid dragon spits acid at you.
The splash of acid hits you!!
You die...

Skill      XL: |  1  2  3  4  5  6  7  8 |
---------------+-------------------------+-----
Throwing       | 1 2 3 4 |  4.7
Armour         | 4 5 6 |  6.9
Fighting       | 4 5 6 7 |  7.0
Shields        | 4 5 6 |  6.9
Axes           | 3 4 5 6 |  6.4
Maces & Flails | |  0.5
Slings         | |  0.5
Stealth        | |  0.8
Invocations    | |  0.3

Action                   |  1- 3 |  4- 6 |  7- 9 || total
-------------------------+-------+-------+-------++-------
Melee: War axe           |    56 |       |       ||    56
       Headbutt          |     4 |     8 |    28 ||    40
       Mace              |       |    63 |   188 ||   251
Throw: Javelin           |     4 |    11 |       ||    15
       Boomerang         |       |    15 |    48 ||    63
Invok: Heroism           |       |       |     1 ||     1
  Use: Potion            |       |       |     1 ||     1
Armor: Scale mail        |    28 |    59 |   115 ||   202
Dodge: Dodged            |    29 |    51 |    82 ||   162
Block: Buckler           |    14 |    24 |    43 ||    81

Levels and vault maps discovered:
D:1:      psy_arrival_terrarium, layout_loops_corners,
          shapermc_ecumenical_altar_ellora, minmay_statues_item
D:2:      layout_basic, minivault_24, minmay_misc_feat_nine_boxes, uniq_sigmund,
          uniq_crazy_yiuf_cottage
D:3:      layout_rooms, uniq_robin, uniq_terence
D:4:      layout_rooms
D:5:      layout_basic, temple_green
D:6:      layout_layer_cave, minitemple, moated_statue, dk_noncrumbling_3
D:7:      layout_basic, kennysheep_mini_moat, minmay_crystal_room, uniq_joseph
Temple:   mainiacjoe_temple_bowtie_tessellation

Notes
Turn   | Place    | Note
-------+----------+-------------------------------------------
     0 | D:1      | AmazingTV the Minotaur Fighter began the quest for the Orb.
     0 | D:1      | Reached XP level 1. HP: 19/19 MP: 0/0
     0 | D:1      | magus.rc [v1.9.6]
   123 | D:1      | Reached XP level 2. HP: 19/27 MP: 1/1
   346 | D:1      | Found a faded altar of an unknown god.
   762 | D:1      | You fall into a shaft and drop 1 floor!
   852 | D:2      | Reached skill level 1 in Throwing
   852 | D:2      | Reached skill level 4 in Armour
   995 | D:2      | Reached XP level 3. HP: 33/33 MP: 2/2
  1038 | D:2      | Reached skill level 4 in Fighting
  1132 | D:2      | Reached skill level 4 in Shields
  1377 | D:2      | Noticed Sigmund
  1381 | D:2      | Killed Sigmund
  1382 | D:2      | Reached skill level 3 in Axes
  1382 | D:2      | Reached skill level 2 in Throwing
  1382 | D:2      | Reached XP level 4. HP: 41/41 MP: 3/3
  1382 | D:2      | Reached XP level 5. HP: 47/47 MP: 4/4
  1412 | D:2      | Found a runed translucent door.
  1413 | D:2      | Noticed Crazy Yiuf
  1486 | D:2      | Killed Crazy Yiuf
  1618 | D:3      | Noticed Robin
  1637 | D:3      | HP: 9/47 [adder (3)]
  1658 | D:2      | HP: 10/47 [goblin/stone[Robin] (2)]
  1950 | D:3      | Killed Robin
  1951 | D:3      | Reached skill level 4 in Axes
  1951 | D:3      | Reached XP level 6. HP: 53/55 MP: 5/5
  2084 | D:3      | Noticed Terence
  2092 | D:3      | Killed Terence
  2093 | D:3      | Reached skill level 5 in Fighting
  2093 | D:3      | Reached skill level 5 in Armour
  2402 | D:3      | Reached skill level 5 in Shields
  2707 | D:4      | Reached skill level 3 in Throwing
  2707 | D:4      | Reached XP level 7. HP: 54/61 MP: 6/6
  3039 | D:5      | Entered Level 5 of the Dungeon
  3087 | D:5      | Found a staircase to the Ecumenical Temple.
  3099 | D:5      | Reached skill level 5 in Axes
  3184 | Temple   | Entered the Ecumenical Temple
  3330 | Temple   | Became a worshipper of Warmaster Okawaru
  3586 | D:5      | Reached skill level 6 in Fighting
  3586 | D:5      | Reached skill level 6 in Armour
  3586 | D:5      | Reached skill level 6 in Shields
  3656 | D:5      | Reached * piety under Okawaru
  3657 | D:5      | Reached XP level 8. HP: 59/70 MP: 7/7
  3725 | D:5      | Reached skill level 4 in Throwing
  4149 | D:6      | HP: 17/71 [something (5)]
  4164 | D:5      | HP: 13/71 [something (6)]
  4498 | D:6      | Reached skill level 6 in Axes
  4660 | D:6      | HP: 13/71 [gnoll sergeant (5)]
  4673 | D:6      | Found a blossoming altar of Fedhas.
  5104 | D:6      | Reached ** piety under Okawaru
  5555 | D:6      | Reached skill level 7 in Fighting
  5718 | D:6      | Found a glowing golden altar of the Shining One.
  6077 | D:7      | HP: 15/73 [acid dragon (9)]
  6080 | D:7      | Killed from afar by an acid dragon

Vanquished Creatures
  Sigmund (D:2)
  A sky beast (D:5)
  A necrophage (D:5)
  An ogre (D:4)
  2 phantoms (D:5)
  A gnoll sergeant (D:6)
  3 scorpions
  A water moccasin zombie (D:5)
  A wyvern skeleton (D:6)
  2 water moccasin skeletons
  A bullfrog zombie (D:6)
  2 howler monkeys (D:5)
  2 centaur zombies
  A bullfrog skeleton (D:6)
  A jelly (D:5)
  Crazy Yiuf (D:2)
  2 hounds
  A scorpion zombie (D:5)
  Terence (D:3)
  An iguana (D:6)
  2 orc wizards
  A killer bee zombie (D:5)
  Robin (D:3)
  12 gnolls
  2 adders
  A shadow imp (D:5)
  A white imp (D:3)
  2 ufetubi (D:5)
  A worm (D:2)
  A dart slug (D:1)
  9 orcs
  6 ball pythons
  5 bats
  7 endoplasms
  4 giant cockroaches
  5 hobgoblins
  2 quokkas
  3 frilled lizards
  19 goblins
  6 kobolds
  5 rats
122 creatures vanquished.

Table legend:
 A = Non-vault XP
 B = Vault XP
 C = Vault XP percentage of total XP
 D = Non-vault monster count
 E = Vault monster count
 F = Vault count percentage of total count
                 A         B        C        D         E       F
            +---------+---------+-------+---------+---------+-------
      Total |    2137 |     337 |  13.6 |     106 |      16 |  13.1
            +---------+---------+-------+---------+---------+-------
        D:1 |      34 |       0 |   0.0 |      19 |       0 |   0.0
        D:2 |      40 |     268 |  87.0 |      16 |       4 |  20.0
        D:3 |      91 |      69 |  43.1 |      19 |      12 |  38.7
        D:4 |     261 |       0 |   0.0 |      11 |       0 |   0.0
        D:5 |    1090 |       0 |   0.0 |      23 |       0 |   0.0
        D:6 |     621 |       0 |   0.0 |      18 |       0 |   0.0
            +---------+---------+-------+---------+---------+-------

Illustrated notes

Table legend:
 A = Kills in this place as a percentage of kills in entire the game.
 B = Kills by you in this place as a percentage of kills by you in the entire game.
 C = Kills by friends in this place as a percentage of kills by friends in the entire game.
 D = Other kills in this place as a percentage of other kills in the entire game.
 E = Experience gained in this place as a percentage of experience gained in the entire game.
 F = Experience gained in this place divided by the number of levels of this place that you have seen.
                   A       B       C       D       E      F
               +-------+-------+-------+-------+-------+----------------------
         Total | 100.0 | 100.0 |   N/A |   N/A | 100.0 | 309.2
       Dungeon | 100.0 | 100.0 |   N/A |   N/A | 100.0 | 353.4
               +-------+-------+-------+-------+-------+----------------------

Table legend: (Time is in decaauts)
 A = Elapsed time spent in this place.
 B = Non-inter-level travel time spent in this place.
 C = Inter-level travel time spent in this place.
 D = Time resting spent in this place.
 E = Time spent auto-exploring this place.
 F = Levels seen in this place.
 G = Mean time per level.
                   A        B        C        D        E       F      G
               +--------+--------+--------+--------+--------+-----+--------+
         Total |   6185 |   6058 |    127 |   1388 |   3744 |   8 |  773.1 |
       Dungeon |   5934 |   5832 |    102 |   1388 |   3530 |   7 |  847.7 |
        Temple |    250 |    225 |     25 |      0 |    214 |   1 |  250.0 |
               +--------+--------+--------+--------+--------+-----+--------+

Top non-repeatable levels by time:
     D:6: 1557 daAuts
     D:5: 1182 daAuts
     D:2: 1147 daAuts
     D:1: 775 daAuts
     D:3: 621 daAuts
     D:4: 547 daAuts
  Temple: 250 daAuts
     D:7: 104 daAuts
